 Dungeon Crawl Stone Soup version 0.27.1-4-g1640c2035a (webtiles) character file.

Game seed: 14435667542849579464

4169 boopmooplesden the Blocker (level 10, -2/84 HPs)
             Began as a Minotaur Fighter on Nov 9, 2021.
             Was an Elder of Okawaru.
             Slain by Psyche (4 damage)
             ... on level 8 of the Dungeon.
             The game lasted 00:12:03 (6553 turns).

boopmooplesden the Blocker (Minotaur Fighter)       Turns: 6553, Time: 00:12:03

Health: -2/84      AC: 14    Str: 23    XL:     10   Next: 7%
Magic:  9/9        EV: 11    Int:  5    God:    Okawaru [****..]
Gold:   355        SH: 17    Dex: 11    Spells: 9/9 levels left

rFire    + . .     SeeInvis .   a - +2 long sword
rCold    . . .     Faith    .   c - +0 kite shield
rNeg     . . .     Spirit   .   b - +0 scale mail
rPois    .         Reflect  +   (helmet restricted)
rElec    .         Harm     .   f - +2 cloak
rCorr    +         Rampage  .   x - +2 pair of gloves
Will     .....                  (no boots)
Stlth    ..........             r - amulet of reflection
HPRegen  0.24/turn              o - ring of resist corrosion
MPRegen  0.11/turn              u - ring of protection from fire

@: lethally poisoned (-2 -> -46)
A: horns 2, retaliatory headbutt
a: Renounce Religion, Heroism


You were on level 8 of the Dungeon.
You worshipped Okawaru.
Okawaru was greatly pleased with you.
You visited 1 branch of the dungeon, and saw 8 of its levels.

You collected 355 gold pieces.

Inventory:

Hand Weapons
 a - a +2 long sword (weapon)
 F - a +1 falchion of holy wrath
Missiles
 p - 6 silver boomerangs (quivered)
Armour
 b - a +0 scale mail (worn)
 c - a +0 kite shield (worn)
 f - a +2 cloak (worn)
 t - a +0 chain mail
 x - a +2 pair of gloves (worn)
Jewellery
 o - a ring of resist corrosion (left hand)
 r - an amulet of reflection (around neck)
 u - a ring of protection from fire (right hand)
 v - an amulet of magic regeneration
 C - an amulet of the acrobat
 E - a ring of willpower
Wands
 h - a wand of digging (6)
 w - a wand of iceblast (9)
Scrolls
 y - a scroll of noise
Potions
 d - 2 potions of might
 e - a potion of degeneration {unknown}
 g - 4 potions of curing
 i - a potion of lignification {unknown}
 j - 3 potions of flight {unknown}
 k - a potion of magic {unknown}
 l - 3 potions of resistance {unknown}
 m - 2 potions of brilliance {unknown}
 n - 2 potions of attraction {unknown}
 q - a potion of cancellation
 s - a potion of ambrosia {unknown}
 z - a potion of invisibility {unknown}
 A - 2 potions of heal wounds {unknown}
 B - a potion of mutation {unknown}


   Skills:
 + Level 6.5 Fighting
 + Level 9.6 Long Blades
 + Level 8.0 Armour
 + Level 4.9 Dodging
 + Level 1.1 Stealth
 + Level 10.6 Shields
 + Level 0.6 Invocations


You had 9 spell levels left.
You didn't know any spells.
Your spell library contained the following spells:

 Spells                   Type           Power      Damage    Failure   Level
 Magic Dart               Conj           0%         1d3       91%         1
 Call Imp                 Summ           0%         N/A       97%         2
 Mephitic Cloud           Conj/Pois/Air  0%         N/A       99%         3
 Freezing Cloud           Conj/Ice/Air   0%         6-21      100%        5
 Summon Forest            Summ/Tloc      0%         N/A       100%        5
 Summon Mana Viper        Hex/Summ       0%         N/A       100%        5
 Shadow Creatures         Summ           N/A        N/A       100%        6
 Simulacrum               Ice/Necr       0%         N/A       100%        6
 Polar Vortex             Ice            0%         N/A       100%        9


Dungeon Overview and Level Annotations

Branches:
Dungeon (8/15)             Temple (0/1) D:7
   Lair: D:8-11

Altars:
Gozag
Hepliaklqana
Nemelex Xobeh
Okawaru
Sif Muna
Trog
Zin

Annotations:
D:8 Psyche


Innate Abilities, Weirdness & Mutations

You have a pair of horns on your head.
You reflexively headbutt those who attack you in melee.


Message History

The killer bee stings you but does no damage.
You block the killer bee's attack. You block something's attack.
The kobold brigand hits you but does no damage.
You block the killer bee's attack. The wight hits you but does no damage.
Your magical effects are unravelling.
You feel magically purged.
You feel less wooden.
Your +2 cloak unmelds from your body.
Your +2 pair of gloves unmelds from your body.
Your +0 scale mail unmelds from your body.
You feel very sick. You block the killer bee's attack.
The killer bee stings you. The killer bee closely misses you.
You furiously retaliate!
You headbutt the killer bee, but do no damage.
You block the kobold brigand's attack. You block something's attack.
The killer bee misses you. You furiously retaliate!
You headbutt the killer bee.
You riposte.
You miss the killer bee.
The killer bee is moderately wounded.
The killer bee stings you but does no damage.
The wight hits you from afar with a +2 halberd!
The killer bee stings you but does no damage.
The kobold brigand hits you with a +2 short sword of venom!
* * * LOW HITPOINT WARNING * * *
You are more poisoned.
The wight hits you but does no damage.
A wight comes into view. It is wielding a +0 dagger.
* * * LOW HITPOINT WARNING * * *
You feel extremely sick. You block the killer bee's attack.
You hear some strange, mumbled words.
A swirling arc of seething chaos appears!
An arc of chaos appears from out of thin air!
The arc of chaos hits the killer bee.
The killer bee goes berserk!
The arc of chaos hits the killer bee.
You block the killer bee's attack. You block the wight's attack.
The killer bee stings you but does no damage.
The kobold brigand hits you but does no damage.
You are more poisoned.
Something hits you.
You die...

,,,,*,,*,,,,*,,,,,,,,**
,,,**,,*,,,..,,,,,...#
,,,***,,,,,.,,,,,,z..#
,,,***,**##.,,,,,,.(.##*
,,,.#*####..**,**#.....**
,,,...#..#.#***##.....,,*
,,,........#####z..#,,,,*
,,,?........#.#Kz.#**,,,*
,,,**#....<..)yy@#* **,,*
,,,,#.........y{yy# ****
,,,*###.##......y##* ***
,,***..............#**,*
,,,*#.*#..#.........#,,**
*,,#.,*#.##.....#.#...,,*
,,,.,,...#.......##...,**
,,,**,..........##,,.#**
*,,***,,,*,,,,*,,,,,,,*


You could see a kobold brigand (berserk), 6 killer bees and 3 wights.

Vanquished Creatures
  The ghost of FortyBot the Cruncher, a novice FoFi of Nemelex Xobeh (D:7)
  A troll (D:7)
  The ghost of illway the Chopper, an amateur MiBe of Trog (D:4)
  3 vampire mosquitoes (D:7)
  Edmund (D:4)
  3 water moccasins
  An orc warrior (D:7)
  A sky beast (D:4)
  2 ice beasts
  3 necrophages
  5 ogres
  A centaur (D:6)
  2 phantoms
  A wyvern zombie (D:7)
  A scorpion (D:6)
  A wyvern skeleton (D:6)
  A centaur zombie (D:5)
  2 jellies
  4 hounds
  4 orc priests
  A gnoll shaman (D:6)
  4 centaur skeletons
  3 iguanas
  Natasha (thrice) (D:2)
  An orc wizard (D:7)
  2 killer bee zombies
  A hound zombie (D:3)
  A spectral howler monkey (D:7)
  A howler monkey zombie (D:7)
  4 gnolls (D:6)
  7 adders
  3 worms
  2 dart slugs
  24 orcs
  7 endoplasms
  4 giant cockroaches
  5 goblins
  6 hobgoblins
  7 jackals
  3 quokkas
  8 ball pythons
  5 frilled lizards
  9 kobolds
  A quokka skeleton (D:4)
  9 rats
160 creatures vanquished.

Vanquished Creatures (others)
  A kobold brigand (D:6)
  A kobold (D:6)
2 creatures vanquished.

Grand Total: 162 creatures vanquished

Notes
Turn   | Place    | Note
-------+----------+-------------------------------------------
     0 | D:1      | boopmooplesden the Minotaur Fighter began the quest for the
                  | Orb.
     0 | D:1      | Reached XP level 1. HP: 19/19 MP: 0/0
   448 | D:1      | Reached XP level 2. HP: 22/27 MP: 1/1
   793 | D:1      | Reached skill level 4 in Shields
   840 | D:2      | Noticed Natasha
   858 | D:2      | Killed Natasha
   859 | D:2      | Reached XP level 3. HP: 31/33 MP: 2/2
  1088 | D:2      | Reached XP level 4. HP: 35/40 MP: 3/3
  1161 | D:2      | Noticed Natasha
  1164 | D:2      | Killed Natasha
  1165 | D:2      | Reached skill level 1 in Dodging
  1217 | D:2      | Noticed Natasha
  1224 | D:2      | Killed Natasha
  1226 | D:2      | Reached XP level 5. HP: 46/47 MP: 4/4
  1654 | D:3      | Reached skill level 5 in Shields
  1737 | D:3      | Found a faded altar of an unknown god.
  1939 | D:3      | Found an opulent altar of Gozag.
  1945 | D:3      | Found a bloodstained altar of Trog.
  1950 | D:3      | Found a glowing silver altar of Zin.
  2189 | D:3      | Found an iron altar of Okawaru.
  2224 | D:3      | Became a worshipper of Warmaster Okawaru
  2338 | D:3      | Reached XP level 6. HP: 45/53 MP: 5/5
  2563 | D:4      | Noticed Edmund
  2778 | D:4      | Reached skill level 5 in Armour
  2801 | D:4      | Killed Edmund
  2802 | D:4      | Reached skill level 5 in Long Blades
  2802 | D:4      | Reached skill level 6 in Shields
  2949 | D:4      | Reached XP level 7. HP: 54/60 MP: 6/6
  2997 | D:4      | Noticed illway's ghost (amateur MiBe)
  2998 | D:4      | Found a transporter.
  3004 | D:4      | Found a transporter.
  3038 | D:4      | Reached * piety under Okawaru
  3203 | D:4      | Found a sparkling altar of Nemelex Xobeh.
  3285 | D:4      | Reached skill level 5 in Fighting
  3495 | D:5      | Entered Level 5 of the Dungeon
  3546 | D:5      | Reached skill level 7 in Shields
  3730 | D:5      | Reached XP level 8. HP: 57/68 MP: 7/7
  3958 | D:5      | Found a hazy altar of Hepliaklqana.
  4014 | D:5      | Reached ** piety under Okawaru
  4090 | D:5      | Reached skill level 8 in Shields
  4270 | D:4      | Killed illway's ghost
  4483 | D:6      | Reached XP level 9. HP: 73/75 MP: 8/8
  4491 | D:6      | Reached skill level 9 in Shields
  4919 | D:6      | Found a shimmering blue altar of Sif Muna.
  5325 | D:7      | Reached *** piety under Okawaru
  5508 | D:7      | Found a runed translucent gate.
  5508 | D:7      | Found a runed translucent gate.
  5508 | D:7      | Found a runed translucent gate.
  5509 | D:7      | Noticed FortyBot's ghost (novice FoFi)
  5539 | D:7      | Killed FortyBot's ghost
  5540 | D:7      | Reached skill level 1 in Stealth
  5540 | D:7      | Reached skill level 10 in Shields
  5951 | D:7      | Reached **** piety under Okawaru
  5952 | D:7      | Reached XP level 10. HP: 84/84 MP: 9/9
  5979 | D:7      | Found a staircase to the Ecumenical Temple.
  6537 | D:8      | Noticed Psyche
  6553 | D:8      | HP: 2/84 [poisoned by a kobold brigand]
  6553 | D:8      | Slain by Psyche

Illustrated notes

Levels and vault maps discovered:
D:1:      evilmike_arrival_hilbert_curve, layout_rooms,
          minmay_misc_feat_four_crosses, roderic_lattice_a,
          amcnicky_mini_corridor_feature
D:2:      layout_basic, uniq_natasha
D:3:      layout_loops_ring, lemuel_tele_altar,
          minmay_overflow_temple_star_quad, shapermc_ecumenical_altar_notcrosses
D:4:      layout_rooms, nemelex_xobeh_ov_fountains_minmay,
          gammafunk_ghost_smash, st_stairs_12, grunt_ministairs_3, uniq_edmund
D:5:      layout_cave_pools, nicolae_hepliaklqana_hippocampus
D:6:      layout_rooms, old_standard_altar
D:7:      layout_loops_corners, minmay_temple_entry_crystal_x,
          gammafunk_ghost_necromancy, item_on_display_a
D:8:      layout_cave_pools, nicolae_elyvilon_temple_path, serial_shops, shop,
          uniq_psyche

Skill      XL: |  1  2  3  4  5  6  7  8  9 |
---------------+----------------------------+-----
Shields        | 4 5 6 7 8 10 | 10.6
Armour         | 4 5 6 8 |  8.0
Fighting       | 4 5 6 |  6.5
Long Blades    | 3 4 5 6 7 9 |  9.6
Dodging        | 1 2 3 4 |  4.9
Stealth        | 1 |  1.1
Invocations    | |  0.6

Action                   |  1- 3 |  4- 6 |  7- 9 | 10-12 || total
-------------------------+-------+-------+-------+-------++-------
Melee: Long sword        |    63 |   153 |   323 |    26 ||   565
       Headbutt          |     5 |    26 |    67 |     4 ||   102
Invok: Heroism           |       |       |     3 |       ||     3
  Use: Scroll            |       |     2 |     8 |     2 ||    12
       Potion            |       |     1 |       |     1 ||     2
Armor: Scale mail        |    36 |    57 |   105 |     8 ||   206
       Skin              |       |       |       |    17 ||    17
Dodge: Dodged            |    14 |    39 |    96 |    13 ||   162
Block: Kite shield       |    30 |   104 |   312 |    37 ||   483
       Reflection        |       |       |     4 |       ||     4
       Rpst.: Long sword |     2 |    10 |    25 |     3 ||    40
